 Dungeon Crawl Stone Soup version 0.15-a0-773-g3a4c672 (webtiles) character file.

10798 Achmedbubbleh the Grappler (level 11, -2/66 HPs)
             Began as a Gargoyle Monk on May 13, 2014.
             Was the Champion of Cheibriados.
             Killed by divine providence
             ... invoked by an orc priest
              (9 damage)
             ... on Level 10 of the Dungeon.
             The game lasted 01:06:26 (10386 turns).

Achmedbubbleh the Grappler (Gargoyle Monk)         Turns: 10386, Time: 01:06:26

HP  -2/66        AC 20     Str 31      XL: 11   Next: 67%
MP  16/16        EV 19     Int 25      God: Cheibriados [******]
Gold 561         SH  0     Dex 31      Spells:  0 memorised, 10 levels left

rFire  . . .     SeeInvis .       - Unarmed
rCold  . . .     Clarity  +     q - +0 chain mail
rNeg   + + .     Conserve .     (no shield)
rPois  +         rCorr    .     (no helmet)
rElec  +         rRot     +     (no cloak)
SustAb . .       Spirit   .     (no gloves)
rMut   .         Warding  .     z - +0 pair of boots
Gourm  .         Stasis   .     a - amulet of the Four Winds {Clar rN+ MR+++}
MR     +++..                    V - +1 ring of dexterity
                                c - +3 ring of evasion

@: very slow, extremely resistant to hostile enchantments, extremely unstealthy
A: life protection 1, electricity resistance, unbreathing, petrification
resistance, AC +7
a: Bend Time, Temporal Distortion, Slouch, Step From Time, Renounce Religion


You were on level 10 of the Dungeon.
You worshipped Cheibriados.
Cheibriados was exalted by your worship.
You were not hungry.

You visited 2 branches of the dungeon, and saw 11 of its levels.

You collected 561 gold pieces.

Inventory:

Hand weapons
 e - a +0,+0 sling
Missiles
 i - 18 sling bullets
 k - 4 darts
 o - 2 poisoned darts (quivered)
 r - 7 exploding sling bullets
Armour
 q - a +0 chain mail (worn)
 z - a +0 pair of boots (worn)
Magical devices
 s - a wand of digging (17)
 t - a wand of enslavement (7)
 D - a wand of paralysis (7)
 E - a wand of frost (0)
 K - a wand of cold (0)
 N - a wand of teleportation (1)
 Y - a wand of disintegration (14)
 Z - a wand of fire (7) {unknown}
Comestibles
 b - 5 bread rations
 g - a rambutan
 j - 2 chokos
 l - 4 meat rations
 x - a chunk of kobold flesh
 F - an apricot
 I - a lychee
 R - 6 honeycombs
 S - a royal jelly
Scrolls
 h - 8 scrolls of remove curse
 p - 4 scrolls of teleportation
 u - a scroll of fog {unknown}
 w - a scroll of immolation
 A - 2 scrolls of blinking
 B - 2 scrolls of random uselessness {unknown}
 C - a scroll of noise
 M - a scroll of fear
 O - a scroll of enchant weapon II {unknown}
 U - a scroll of recharging {unknown}
 W - a scroll of amnesia {unknown}
 X - 2 scrolls of magic mapping
Jewellery
 a - the amulet of the Four Winds (around neck) {Clar rN+ MR+++}
   (You found it on level 10 of the Dungeon)

   [amulet of clarity]

   It provides mental clarity.
   It protects you from negative energy.
   It affects your resistance to hostile enchantments.
 c - a +3 ring of evasion (left hand)
 m - a +2 ring of intelligence
 Q - an uncursed ring of flight
 V - a +1 ring of dexterity (right hand)
Potions
 d - a potion of haste {unknown}
 n - 6 potions of curing
 v - 2 potions of brilliance {unknown}
 G - a potion of restore abilities
 H - a potion of agility {unknown}
 J - a potion of cure mutation {unknown}
Books
 T - a book of Clouds

   Spells                             Type                      Level
   Mephitic Cloud                     Conjuration/Poison/Air       3
   Conjure Flame                      Conjuration/Fire             3
   Poisonous Cloud                    Conjuration/Poison/Air       6
   Freezing Cloud                     Conjuration/Ice/Air          6
   Ring of Flames                     Charms/Fire                  7
Miscellaneous
 P - a lantern of shadows


   Skills:
 - Level 6.8 Fighting
 - Level 8.8 Armour
 - Level 8.1 Dodging
 - Level 2.1 Stealth
 - Level 13.2 Unarmed Combat
 + Level 0.0 Invocations
 - Level 3.1 Evocations


You had 10 spell levels left.
You didn't know any spells.

Dungeon Overview and Level Annotations

Branches:
Dungeon (10/15)            Temple (1/1) D:4            Lair (0/8) D:10
    Orc: D:9-12

Altars:
Cheibriados
Elyvilon
Fedhas
Kikubaaqudgha
Makhleb
Nemelex Xobeh
Okawaru
Qazlal
Sif Muna
Trog
Xom
Zin


Innate Abilities, Weirdness & Mutations

You are resistant to torment.
You are immune to poison.
You are immune to rotting.
Your stone body is very resilient (AC +7).
You resist negative energy.
You are resistant to electric shocks.
You can survive without breathing.
You are immune to petrification.


Message History

You hit the orc.
The orc is moderately wounded.
The orc hits you but does no damage.
You pummel the orc!!
You kill the orc!
Cheibriados appreciates the change of pace.
The orc priest calls down the wrath of Beogh upon you.
Something smites you!
* * * LOW HITPOINT WARNING * * *
Things that are here:
a dagger; a robe; an orc corpse An orc priest is nearby!
Drink which item? (? for menu, Esc to quit)
You feel much better.
The orc priest calls down the wrath of Beogh upon you.
Something smites you!
* * * LOW HITPOINT WARNING * * *
The orc priest calls down the wrath of Beogh upon you.
Something smites you!
You die...

.# #............#########..
####.# #######.####.# #......
...#.###########.####.# #.###.#
...#...............##.# #.# #.#
....## #######.#.##.# #.###.#
.....# #####.#.##.# #.....#
.....#######..........#####.#####
P...........o..)))...............
#PPP.........###@...........#####
#...P.#.###.. #.#############
#P.P....# #.. ### #..%P.### ...
.P.P..#


.PPP P.P...# ##P$$ P..P..# #P$$ ......# $ ..##.## You could see an orc priest.

Vanquished Creatures
  The ghost of Scisco the Fighter, an experienced MiBe of Trog (D:8)
  Pikel (D:8)
  Joseph (D:9)
  A two-headed ogre (D:9)
  A queen bee (D:8)
  A troll (D:9)
  A basilisk (D:7)
  13 yaks
  A hill giant zombie (D:9)
  2 hippogriffs
  A deep elf fighter (D:10)
  A water moccasin (D:7)
  3 orc warriors (D:10)
  3 sky beasts
  2 phantoms
  A black bear (D:10)
  4 ogres
  2 big kobolds
  A crocodile (D:10)
  Sigmund (D:6)
  6 centaurs
  Blork the orc (D:6)
  5 giant frogs
  3 scorpions
  10 wights
  32 killer bees
  A quasit (D:7)
  6 hounds
  6 crimson imps
  A goliath beetle (D:8)
  3 giant frog skeletons
  5 orc priests
  A jelly (D:5)
  5 worker ants
  10 orc wizards
  A black bear skeleton (D:9)
  Natasha (twice) (D:3)
  5 iguanas
  Ijyb (D:6)
  A sky beast zombie (D:9)
  An ogre skeleton (D:5)
  2 green rats (D:10)
  10 adders
  3 gnolls (D:3)
  A steam dragon skeleton (D:10)
  2 giant mites
  An inept feature mimic (D:2)
  6 worms
  6 shadow imps
  An adder zombie (D:4)
  5 giant geckos
  An ooze (D:6)
  40 orcs
  2 ball pythons
  6 giant cockroaches
  12 goblins
  17 hobgoblins
  19 jackals
  23 kobolds
  A quokka (D:5)
  25 bats
  A giant gecko skeleton (D:4)
  A giant gecko zombie (D:6)
  6 giant newts
  A gnoll skeleton (D:8)
  A goblin skeleton (D:5)
  A jackal skeleton (D:4)
  3 orc zombies
  A quokka zombie (D:8)
  17 rats
  A fungus (D:10)
364 creatures vanquished.

Vanquished Creatures (others)
  4 slaves (D:8)
  A killer bee (D:8)
  3 orcs (D:8)
  A fungus (D:10)
9 creatures vanquished.

Grand Total: 373 creatures vanquished

Notes
Turn   | Place    | Note
--------------------------------------------------------------
     0 | D:1      | Achmedbubbleh, the Gargoyle Monk, began the quest for the Orb.
     0 | D:1      | Reached XP level 1. HP: 14/14 MP: 1/1
    97 | D:1      | Reached XP level 2. HP: 17/19 MP: 2/2
   186 | D:1      | Reached skill level 5 in Unarmed Combat
   521 | D:1      | Reached XP level 3. HP: 21/23 MP: 3/3
  1131 | D:2      | Reached skill level 6 in Unarmed Combat
  1131 | D:2      | Reached XP level 4. HP: 28/28 MP: 4/4
  1867 | D:3      | Reached XP level 5. HP: 31/33 MP: 5/5
  2144 | D:3      | Noticed Natasha
  2157 | D:3      | Killed Natasha
  2157 | D:3      | Reached skill level 7 in Unarmed Combat
  2307 | D:3      | Noticed Natasha
  2312 | D:3      | Killed Natasha
  2312 | D:3      | Reached XP level 6. HP: 31/38 MP: 6/6
  2363 | D:4      | Found a staircase to the Ecumenical Temple.
  2374 | Temple   | Entered the Ecumenical Temple
  2382 | Temple   | Became a worshipper of Cheibriados the Contemplative
  2573 | D:4      | Reached skill level 1 in Evocations
  2886 | D:4      | Reached XP level 7. HP: 44/44 MP: 8/8
  3104 | D:4      | Reached skill level 8 in Unarmed Combat
  3552 | D:4      | Reached skill level 5 in Fighting
  3772 | D:5      | Entered Level 5 of the Dungeon
  4087 | D:5      | Acquired Cheibriados' first power
  4087 | D:5      | Reached XP level 8. HP: 50/50 MP: 12/12
  4474 | D:5      | Reached skill level 9 in Unarmed Combat
  4885 | D:6      | Noticed Ijyb
  4887 | D:6      | Noticed Blork the orc
  4902 | D:6      | Killed Blork the orc
  4908 | D:6      | Killed Ijyb
  5000 | D:6      | Noticed Sigmund
  5011 | D:6      | Killed Sigmund
  5585 | D:7      | Acquired Cheibriados' second power
  5683 | D:7      | Reached skill level 10 in Unarmed Combat
  5873 | D:7      | Reached XP level 9. HP: 30/56 MP: 13/13
  6268 | D:7      | Reached skill level 1 in Armour
  6628 | D:8      | Noticed Scisco's ghost (experienced MiBe)
  6650 | D:7      | Acquired Cheibriados' third power
  6650 | D:7      | Reached skill level 5 in Dodging
  6650 | D:7      | Reached skill level 11 in Unarmed Combat
  7353 | D:8      | Noticed Pikel
  7367 | D:8      | Killed Pikel
  7367 | D:8      | Reached XP level 10. HP: 43/61 MP: 15/15
  7504 | D:8      | Reached skill level 5 in Armour
  8420 | D:9      | Reached skill level 12 in Unarmed Combat
  8583 | D:9      | Noticed Joseph
  8607 | D:9      | Killed Joseph
  8782 | D:9      | Reached XP level 11. HP: 63/66 MP: 16/16
  9095 | D:8      | Killed Scisco's ghost
  9549 | D:10     | Entered Level 10 of the Dungeon
  9728 | D:10     | Reached skill level 13 in Unarmed Combat
  9885 | D:10     | Found a staircase to the Lair.
 10386 | D:10     | Killed from afar by an orc priest

Action                   |  1- 3 |  4- 6 |  7- 9 | 10-12 || total
-------------------------+-------+-------+-------+-------++-------
Melee: Unarmed           |   148 |   238 |   412 |   491 ||  1289
 Fire: Sling             |       |    26 |       |       ||    26
Throw: Dart              |       |     4 |       |       ||     4
Evoke: Wand              |       |     1 |    10 |     5 ||    16
  Use: Scroll            |     3 |       |     5 |     4 ||    12
       Potion            |       |       |       |     3 ||     3
 Stab: Sleeping          |     1 |     1 |     1 |       ||     3
       Paralysed         |       |       |     1 |       ||     1
